 Dungeon Crawl Stone Soup version 0.21.1-1-g345015fe64 (webtiles) character file.

47 Kohma the Grave Robber (level 3, -9/24 HPs)
             Began as a Mummy Necromancer on June 8, 2018.
             Mangled by a gnoll sergeant
             ... wielding a +0 trident of protection
              (11 damage)
             ... on level 2 of the Dungeon.
             The game lasted 00:08:57 (1812 turns).

Kohma the Grave Robber (Mummy Necromancer)          Turns: 1812, Time: 00:08:58

Health: -9/24      AC:  4    Str: 11    XL:     3   Next: 48%
Magic:  1/7        EV: 12    Int: 15    God:
Gold:   39         SH:  0    Dex: 12    Spells: 3/8 levels left

rFire    x . .     SeeInvis .   g - +0 dagger
rCold    + . .     Gourm    .   (no shield)
rNeg     + + +     Faith    .   a - +0 robe
rPois    ∞         Spirit   .   d - +2 hat
rElec    .         Reflect  .   (no cloak)
rCorr    .         Harm     .   (no gloves)
MR       .....                  (no boots)
Stlth    ++........             (no amulet)
HPRegen  0.08/turn              (no ring)
MPRegen  0.10/turn              (no ring)

@: no status effects
A: no food or potions, fire vulnerability, cold resistance 1, negative energy
resistance 3, torment resistance, unbreathing
a: no special abilities


You were on level 2 of the Dungeon.
You were not hungry.

You visited 1 branch of the dungeon, and saw 2 of its levels.

You collected 39 gold pieces.

Inventory:

Hand Weapons
 g - a +0 dagger (weapon)
Missiles
 e - 41 arrows
Armour
 a - a +0 robe (worn)
 d - a +2 hat (worn)
Jewellery
 h - a +5 ring of intelligence {unknown}
Scrolls
 c - a scroll of remove curse {unknown}
 f - a scroll of random uselessness {unknown}
Books
 b - a book of Necromancy

   Spells                             Type                      Level
   a - Pain                           Necromancy                   1
   b - Animate Skeleton               Necromancy                   1
   c - Vampiric Draining              Necromancy                   3
   d - Regeneration                   Charms/Necromancy            3
   e - Animate Dead                   Necromancy                   4
   f - Borgnjor's Vile Clutch         Necromancy/Earth             5


   Skills:
 + Level 2.0 Dodging
 + Level 2.1 Stealth
 + Level 3.4 Spellcasting
 * Level 4.4 Necromancy


You had 3 spell levels left.
You knew the following spells:

 Your Spells              Type           Power        Failure   Level  Hunger
a - Pain                  Necr           ###.         3%          1    N/A
b - Animate Skeleton      Necr           N/A          3%          1    N/A
c - Vampiric Draining     Necr           ###.......   10%         3    N/A

Dungeon Overview and Level Annotations

Branches:
Dungeon (2/15)

Altars:
Sif Muna


Innate Abilities, Weirdness & Mutations

You do not eat or drink.
Your flesh is vulnerable to fire.
You are immune to poison.
Your flesh is cold resistant. (rC+)
You are immune to negative energy. (rN+++)
You are immune to unholy pain and torment.
You can survive without breathing.


Message History

Casting: Pain
Confirm with . or Enter, or press ? or * to list all spells.
You don't have enough magic to cast that spell.
Unknown command.
The gnoll sergeant hits you from afar with a trident of protection!
The gnoll sergeant closely misses you.
You climb upwards.
There is a stone staircase leading down here.
Okay, then.
You climb downwards.
A gnoll comes into view.
The gnoll sergeant hits you with a trident of protection!
* * * LOW HITPOINT WARNING * * *
The gnoll moves out of view.
The gnoll sergeant hits you with a trident of protection.
* * * LOW HITPOINT WARNING * * *
There is a stone staircase leading up here.
The gnoll misses you.
The gnoll sergeant hits you with a trident of protection!
You die...

.# ####.##
......
###.#..#
#...#..#
#.#.#g.#
#.#.#g.#
#...g#...gg..
###@.#.######
#.g#..
#..#.##
......
#######


You could see a gnoll sergeant, 2 gnolls and a hobgoblin.

Vanquished Creatures
  An adder (D:2)
  An ooze (D:1)
  A dart slug (D:1)
  A leopard gecko (D:1)
  A giant cockroach (D:1)
  3 goblins (D:1)
  A hobgoblin (D:1)
  6 jackals
  3 kobolds (D:1)
  A bat (D:1)
  6 frilled lizards
  3 rats
28 creatures vanquished.

Vanquished Creatures (collateral kills)
  An ooze (D:1)
  2 hobgoblins
  A jackal (D:1)
  2 rats (D:1)
6 creatures vanquished.

Grand Total: 34 creatures vanquished

Notes
Turn   | Place    | Note
-------+----------+-------------------------------------------
     0 | D:1      | Kohma the Mummy Necromancer began the quest for the Orb.
     0 | D:1      | Reached XP level 1. HP: 13/13 MP: 4/4
     6 | D:1      | Learned a level 1 spell: Animate Skeleton
   382 | D:1      | Reached XP level 2. HP: 19/19 MP: 3/5
   992 | D:1      | Reached XP level 3. HP: 23/24 MP: 5/7
  1005 | D:1      | Learned a level 3 spell: Vampiric Draining
  1610 | D:2      | Found a deep blue altar of Sif Muna.
  1659 | D:2      | Noticed an ice beast
  1795 | D:2      | Noticed a gnoll sergeant
  1812 | D:2      | Mangled by a gnoll sergeant

Skill      XL: |  1  2  3 |
---------------+----------+-----
Spellcasting   | 3 |  3.4
Stealth        | 2 |  2.1
Dodging        | 2 |  2.0
Necromancy     | |  4.4

Action                   || total
-------------------------++-------
Melee: Unarmed           ||    45
       Dagger            ||    22
 Cast: Pain              ||    46
       Animate Skeleton  ||    16
Armor: Robe              ||    30
Dodge: Dodged            ||    67
